 Dungeon Crawl Stone Soup version 0.31.0-11-ge490571c62 (webtiles) character file.

Game seed: 10143205538912498564

8 browni3141 the Firebug (level 2, 19/19 HPs)
             Began as a Demonspawn Fire Elementalist on Jan 30, 2024.
             Got out of the dungeon alive.
             The game lasted 00:00:25 (476 turns).

browni3141 the Firebug (DsFE)                        Turns: 476, Time: 00:00:26

Health: 19/19      AC:  2    Str:  8    XL:     2   Next: 0%
Magic:  4/5        EV: 12    Int: 15    God:
Gold:   0          SH:  0    Dex: 13    Spells: 4/5 levels left

rFire   . . .        (no weapon)
rCold   . . .        (no shield)
rNeg    . . .        a - +0 robe
rPois   .            (helmet restricted)
rElec   .            (no cloak)
rCorr   .            (no gloves)
SInv    .            (no boots)
Will    .....        (no amulet)
Stlth   ++           (no ring)
HPRegen 0.23/turn    (no ring)
MPRegen 0.09/turn

%: no passive effects
@: no status effects
A: antennae 1
a: no special abilities


You escaped.
You visited 1 branch of the dungeon, and saw 1 of its levels.

Inventory:

Armour
 a - a +0 robe (worn)
Scrolls
 c - a scroll of brand weapon {unknown}
 d - a scroll of teleportation {unknown}
 e - a scroll of revelation {unknown}
Potions
 b - a potion of magic
 f - a potion of attraction {unknown}


   Skills:
 + Level 1.9 Dodging
 + Level 2.0 Stealth
 + Level 2.1 Spellcasting
 + Level 1.2 Conjurations
 + Level 2.8 Fire Magic


You had 4 spell levels left.
You knew the following spells:

 Your Spells              Type           Power      Damage    Failure   Level
a - Foxfire               Conj/Fire      28%        2x1d5     10%         1

Your spell library contained the following spells:

 Spells                   Type           Power      Damage    Failure   Level
 Scorch                   Fire           20%        2d5       11%         2
 Inner Flame              Hex/Fire       5%         N/A       36%         3
 Volatile Blastmotes      Fire/Tloc      10%        2d10      36%         3
 Flame Wave               Conj/Fire      7%         2d5       67%         4


Dungeon Overview and Level Annotations

Branches:
Dungeon (1/15)

Altars:


Innate Abilities, Weirdness & Mutations

You have a pair of small antennae on your head.


Message History

You see here a quokka corpse.
You see here a staff of air.
You see here a staff of air.
An endoplasm comes into view.
An endoplasm is nearby!
An endoplasm is nearby!
An endoplasm is nearby!
You conjure some foxfire!
You conjure some foxfire!
You conjure some foxfire!
Your foxfire dissipates!
The foxfire hits the endoplasm.
The endoplasm is moderately wounded.
The endoplasm quivers.
The foxfire hits the endoplasm.
The endoplasm is almost dead.
The foxfire hits the endoplasm but does no damage.
The endoplasm is almost dead.
An endoplasm is nearby!
You are out of magic!
You are out of magic!
You hit the endoplasm.
You kill the endoplasm!
No target in view!
You open the door.
e - a scroll labelled OLUODAE QUIT You see here a +0 robe.
f - a puce potion You open the door. 2 bats come into view.
There are monsters nearby!
There are monsters nearby!
There are monsters nearby!
There are monsters nearby!
There is an open door here.
You conjure some foxfire!
You conjure some foxfire!
The foxfire hits the bat but does no damage.
The foxfire hits the bat.
You kill the bat!
The foxfire hits the bat.
The bat is severely wounded.
The foxfire hits the bat.
You kill the bat!
You conjure some foxfire!
You are out of magic!
You are out of magic!
Your foxfire dissipates!
Your foxfire dissipates!
You see here a staff of air.
You open the door.
There is an open door here.
A rat comes into view.
A rat is nearby!
A rat is nearby!
A rat is nearby!
You miscast Foxfire.
You are very lightly contaminated with residual magic.
Nothing appears to happen.
You conjure some foxfire!
The rat squeaks loudly.
Your foxfire dissipates!
Your magical contamination has completely faded away.
You conjure some foxfire!
The foxfire hits the rat.
The rat is heavily wounded.
The foxfire hits the rat.
You kill the rat!
You see here a rat corpse.
A jackal comes into view.
A jackal is nearby!
A jackal is nearby!
A jackal is nearby!
You conjure some foxfire!
The foxfire hits the jackal but does no damage.
The jackal attacks as it pursues you! The jackal closely misses you.
The jackal bites you. The jackal attacks as it pursues you!
The jackal bites you. The jackal bites you. The jackal misses you.
The jackal misses you.
You see here a rat corpse.
The jackal bites you.
You conjure some foxfire!
The jackal barely misses you.
The foxfire hits the jackal.
The jackal is heavily wounded.
The foxfire hits the jackal.
You kill the jackal!
Your Stealth skill increases to level 2!
You have reached level 2!
You feel monstrous as your demonic heritage exerts itself.
Your demonic ancestry asserts itself...
A pair of antennae grows on your head!
There is an open door here.
You open the door.
There is an open door here.
There is an open door here.
HP restored.
There is a staircase leading out of the dungeon here.
You have escaped!

##.#.## ##.......##
##.....# ##.....##
#....#+# ##...## ##...#
##+# ####..##+# #.#
#....###.# #.#
#.##.###'## ###.#######
#.#####...### #..........
#.'.'.'.@.'.+ +.....####.
#######...######.|>#####.
##'###..........†.. #.#
#####..######. #'#
#.........
#.#######..#######
#'#........# #.#......#.#
#...####.#.#


There were no monsters in sight!

Vanquished Creatures
  2 bats (D:1)
  An endoplasm (D:1)
  A jackal (D:1)
  A quokka (D:1)
  A goblin (D:1)
  A kobold (D:1)
  A rat (D:1)
8 creatures vanquished.

Vanquished Creatures (others)
  25 foxfires (D:1)
25 creatures vanquished.

Grand Total: 33 creatures vanquished

Notes
Turn   | Place    | Note
-------+----------+-------------------------------------------
     0 | D:1      | browni3141 the Demonspawn Fire Elementalist began the quest
                  | for the Orb.
     0 | D:1      | Reached XP level 1. HP: 13/13 MP: 3/3
   456 | D:1      | Discovered your monstrous ancestry.
   456 | D:1      | Gained mutation: You have a pair of small antennae on your
                  | head. [demonic ancestry]
   456 | D:1      | Reached XP level 2. HP: 15/19 MP: 3/5
   476 | D:$      | Got out of the dungeon alive.

Illustrated notes

Levels and vault maps discovered:
D:1:      minmay_arrival_doors, layout_loops_corners

Skill      XL: |  1 |
---------------+----+-----
Stealth        | 2 |  2.0
Dodging        | |  1.9
Spellcasting   | |  2.1
Conjurations   | |  1.2
Fire Magic     | |  2.8

Action                     || total
---------------------------++-------
  Melee: Unarmed           ||     1
   Cast: Foxfire           ||    16
 Armour: Robe              ||     4
  Dodge: Dodged            ||     4
